 Dungeon Sprint DCSS version 0.22.2-1-ge965b3a (webtiles) character file.

5000000 Fang the Conqueror (level 25, -4/234 HPs)
             Began as a Demonspawn Gladiator on June 3, 2019.
             Was the Champion of Makhleb.
             Slain by The Servant
             ... wielding a +9 glaive of flaming
              (143 damage)
             ... in the Dungeon (Sprint VIII: "Arena of Blood").
             The game lasted 00:00:59 (50 turns).

Fang the Conqueror (Demonspawn Gladiator)             Turns: 50, Time: 00:00:59

Health: -4/234     AC: 12    Str: 26    XL:     25   Next: 66%
Magic:  0/54       EV: 39    Int: 10    God:    Makhleb [******]
Gold:   0          SH:  0    Dex: 20    Spells: 78/78 levels left

rFire    . . .     SeeInvis .   l - +∞ Axe of Woe
rCold    . . .     Gourm    .   (shield currently unavailable)
rNeg     + . .     Faith    .   b - +0 leather armour
rPois    +         Spirit   +   c - +0 helmet
rElec    .         Reflect  .   (no cloak)
rCorr    .         Harm     .   (no gloves)
MR       +....     NoTele   +   (boots unavailable)
Stlth    +++++++++.             (no amulet)
HPRegen  0.49/turn              (no ring)
MPRegen  0.68/turn              (no ring)

@: agile
A: hooves 3, slimy green scales 3, negative energy resistance 1, powered by pain
3, 50% torment resistance, magic shield, magic regeneration, magic link
a: Minor Destruction, Lesser Servant of Makhleb, Major Destruction, Greater
Servant of Makhleb, Renounce Religion


You were in the Dungeon.
You worshipped Makhleb.
Makhleb was exalted by your worship.
You were not hungry.

You visited 1 branch

Inventory:

Hand Weapons
 a - a +0 war axe
 l - the +∞ Axe of Woe (weapon)
   (You found it in the Dungeon)
Missiles
 d - 3 throwing nets (quivered)
Armour
 b - a +0 leather armour (worn)
 c - a +0 helmet (worn)
Scrolls
 k - a scroll of blinking
Potions
 e - a potion of curing
 h - a potion of haste
 i - 2 potions of magic
 j - a potion of berserk rage
Comestibles
 f - a ration


   Skills:
 O Level 27 Fighting
 O Level 27 Axes
 O Level 27 Throwing
 O Level 27 Armour
 O Level 27 Dodging
 O Level 27 Stealth
 O Level 27 Unarmed Combat
 O Level 27 Spellcasting
 O Level 27 Invocations


You had 78 spell levels left.
You didn't know any spells.
Your spell library was empty.

Dungeon Overview and Level Annotations

Branches:
Dungeon (1/1)

Altars:
Makhleb

Annotations:
D The Servant


Innate Abilities, Weirdness & Mutations

You have hooves in place of feet.
You are completely covered in slimy green scales. (AC +4, rPois)
You resist negative energy. (rN+)
You are powered by pain.
You are somewhat able to resist unholy torments (1 in 2 success).
When hurt, damage is shared between your health and your magic reserves.
You regenerate magic rapidly.
When low on magic, you restore magic in place of health.


Message History

You slash the destroyer! You chop the destroyer into pieces.
You destroy the destroyer!
Makhleb accepts your kill.
You feel better.
You hear a shout! x3
The Servant hits you from afar with a +9 glaive of flaming!!!
* * * LOW HITPOINT WARNING * * *
The Servant burns you.
* * * LOW HITPOINT WARNING * * *
You hear a shout!
A crawling corpse merges with a small abomination to form a large abomination.
You hear a shout! x4
You chop the destroyer into pieces!!!
You fatally mangle the destroyer.
You destroy the destroyer!
Makhleb accepts your kill.
You feel better.
You hear a shout! x6
The Servant hits you from afar with a +9 glaive of flaming!!!!!
Ouch! That really hurt!
You die...

o...... .. .....
... #oo.. ..# ..
#%.. ..# .
...###.o. ..###..
......o.###......
#.....)z)_)......
#@X)X.# #OX<)_#
#))@).#
.....§§)_)......
.....%.###......
..###... ..###..
. #... ..# . #...
..# D.... ...


You could see The Servant, a sculptor of flesh, a large bag of meat (inner
flame), 3 large abominations and 4 bags of meat.

Vanquished Creatures
  8 vampire knights (D)
  10 ogres (D)
  A two-headed ogre (D)
  22 orcs (D)
  A skeletal warrior (D)
  A large abomination (D)
  3 small abominations (D)
  A crawling corpse (D)
47 creatures vanquished.

Notes
Turn   | Place    | Note
-------+----------+-------------------------------------------
     0 | D        | Found the +∞ Axe of Woe
     0 | D        | Fang the Demonspawn Gladiator began the quest for the Orb.
     0 | D        | Reached XP level 1. HP: 16/16 MP: 1/1
     2 | D        | Noticed a bag of meat
     4 | D        | Became a worshipper of Makhleb the Destroyer
     6 | D        | Noticed a bag of meat
     6 | D        | Noticed a meat berserker
     6 | D        | Noticed a bag of meat
     7 | D        | Noticed a bag of meat
     7 | D        | Noticed a bag of meat
     8 | D        | Noticed a bag of meat
     9 | D        | Noticed a bag of meat
    10 | D        | Killed a meat berserker
    10 | D        | Reached skill level 15 in Axes
    10 | D        | Reached skill level 15 in Throwing
    10 | D        | Reached skill level 15 in Dodging
    10 | D        | Gained mutation: You sometimes gain a little power by
                  | taking damage. [demonic ancestry]
    10 | D        | Reached XP level 2. HP: 46/46 MP: 2/2
    10 | D        | Reached XP level 3. HP: 52/52 MP: 3/3
    10 | D        | Reached XP level 4. HP: 59/59 MP: 4/4
    10 | D        | Gained mutation: You are partially covered in slimy green
                  | scales. (AC +2) [demonic ancestry]
    10 | D        | Reached XP level 5. HP: 66/66 MP: 5/5
    10 | D        | Reached XP level 6. HP: 73/73 MP: 6/6
    10 | D        | Reached XP level 7. HP: 79/79 MP: 7/7
    10 | D        | Gained mutation: You are mostly covered in slimy green
                  | scales. (AC +3) [demonic ancestry]
    10 | D        | Reached XP level 8. HP: 86/86 MP: 8/8
    10 | D        | Gained mutation: You have large cloven feet. [demonic
                  | ancestry]
    10 | D        | Reached XP level 9. HP: 92/92 MP: 9/9
    10 | D        | Gained mutation: When hurt, damage is shared between your
                  | health and your magic reserves. [demonic ancestry]
    10 | D        | Reached XP level 10. HP: 100/100 MP: 10/10
    10 | D        | Reached XP level 11. HP: 106/106 MP: 11/11
    10 | D        | Reached XP level 12. HP: 113/113 MP: 12/12
    10 | D        | Reached XP level 13. HP: 119/119 MP: 13/13
    10 | D        | Noticed a bag of meat
    10 | D        | Noticed a bag of meat
    11 | D        | Killed a bag of meat
    11 | D        | Reached * piety under Makhleb
    11 | D        | Killed a bag of meat
    11 | D        | Gained mutation: You regenerate magic rapidly. [demonic
                  | ancestry]
    11 | D        | Reached XP level 14. HP: 133/133 MP: 9/14
    11 | D        | Killed a bag of meat
    11 | D        | Noticed a bag of meat
    12 | D        | Killed a bag of meat
    12 | D        | Reached ** piety under Makhleb
    12 | D        | Gained mutation: You have hoof-like feet. [demonic
                  | ancestry]
    12 | D        | Reached XP level 15. HP: 144/144 MP: 9/15
    13 | D        | Noticed a meat berserker
    14 | D        | Reached *** piety under Makhleb
    14 | D        | Reached XP level 16. HP: 157/157 MP: 9/16
    15 | D        | Noticed a meat berserker
    15 | D        | Noticed a meat berserker
    16 | D        | Reached **** piety under Makhleb
    16 | D        | Gained mutation: When low on magic, you restore magic in
                  | place of health. [demonic ancestry]
    16 | D        | Reached XP level 17. HP: 169/169 MP: 10/17
    17 | D        | Noticed a meat berserker
    18 | D        | Killed a meat berserker
    18 | D        | Reached skill level 27 in Fighting
    18 | D        | Gained mutation: You have hooves in place of feet. [demonic
                  | ancestry]
    18 | D        | Reached XP level 18. HP: 182/182 MP: 11/18
    19 | D        | Noticed a large bag of meat
    20 | D        | Killed a meat berserker
    20 | D        | Reached ***** piety under Makhleb
    20 | D        | Reached skill level 27 in Axes
    20 | D        | Reached skill level 27 in Throwing
    20 | D        | Reached skill level 27 in Dodging
    22 | D        | Killed a meat berserker
    22 | D        | Gained mutation: You resist negative energy. (rN+) [demonic
                  | ancestry]
    22 | D        | Reached XP level 19. HP: 189/189 MP: 15/35
    24 | D        | Killed a meat berserker
    24 | D        | Reached skill level 15 in Armour
    24 | D        | Reached skill level 15 in Unarmed Combat
    24 | D        | Reached skill level 15 in Spellcasting
    26 | D        | Gained mutation: You sometimes gain power by taking damage.
                  | [demonic ancestry]
    26 | D        | Reached XP level 20. HP: 197/197 MP: 16/41
    28 | D        | Killed a large bag of meat
    28 | D        | Reached ****** piety under Makhleb
    30 | D        | Reached skill level 27 in Invocations
    30 | D        | Noticed a meat berserker
    31 | D        | Gained mutation: You are powered by pain. [demonic
                  | ancestry]
    31 | D        | Reached XP level 21. HP: 204/204 MP: 17/46
    35 | D        | Noticed The Servant
    35 | D        | Noticed a destroyer
    36 | D        | Noticed a destroyer
    37 | D        | Noticed a destroyer
    37 | D        | Noticed a destroyer
    38 | D        | Killed a destroyer
    38 | D        | Reached skill level 27 in Stealth
    38 | D        | Reached XP level 22. HP: 212/212 MP: 26/52
    39 | D        | Reached skill level 27 in Armour
    39 | D        | Reached skill level 27 in Unarmed Combat
    39 | D        | Reached skill level 27 in Spellcasting
    40 | D        | Noticed a destroyer
    41 | D        | Killed a destroyer
    41 | D        | Killed a destroyer
    41 | D        | Gained mutation: You are completely covered in slimy green
                  | scales. (AC +4, rPois) [demonic ancestry]
    41 | D        | Reached XP level 23. HP: 219/219 MP: 28/54
    42 | D        | Noticed a large bag of meat
    42 | D        | Killed a destroyer
    42 | D        | Noticed a destroyer
    44 | D        | Gained mutation: You are somewhat able to resist unholy
                  | torments (1 in 2 success). [demonic ancestry]
    44 | D        | Reached XP level 24. HP: 227/227 MP: 31/54
    46 | D        | Killed a destroyer
    47 | D        | Noticed a destroyer
    47 | D        | HP: 7/227 [The Servant/+9 glaive of flaming (97)]
    47 | D        | HP: 1/227 [The Servant/+9 glaive of flaming (6)]
    48 | D        | Noticed a destroyer
    49 | D        | Killed a destroyer
    49 | D        | Reached XP level 25. HP: 78/234 MP: 1/54
    49 | D        | Killed a destroyer
    50 | D        | Killed a destroyer
    50 | D        | Slain by The Servant

Skill      XL: |  1  2  3  4  5  6  7  8  9 10 11 12 13 14 15 16 17 18 19 20 21 22 |
---------------+-------------------------------------------------------------------+-----
Fighting       | 16 19 21 23 25 27 | 27.0
Axes           | 15 18 19 22 23 26 27 | 27.0
Throwing       | 15 18 19 21 23 26 27 | 27.0
Dodging        | 15 18 19 22 23 26 27 | 27.0
Armour         | 12 17 21 26 27 | 27.0
Stealth        | 13 18 22 27 | 27.0
Unarmed Combat | 12 17 21 26 27 | 27.0
Spellcasting   | 12 17 21 26 27 | 27.0
Invocations    | 16 22 27 | 27.0

Action                   |  1- 3 |  4- 6 |  7- 9 | 10-12 | 13-15 | 16-18 | 19-21 | 22-24 | 25-27 || total
-------------------------+-------+-------+-------+-------+-------+-------+-------+-------+-------++-------
Melee: Executioner's axe |     1 |       |       |       |     4 |     5 |    12 |     8 |     1 ||    31
  Use: Potion            |       |       |       |       |       |       |       |     1 |       ||     1
Dodge: Dodged            |       |       |       |       |       |     1 |       |     2 |       ||     3
